 Dungeon Crawl Stone Soup version 0.27.1-1-g398f81649c (webtiles) character file.

Game seed: 7572920410979088906

88 a11behringer the Slasher (level 4, -1/33 HPs)
             Began as a Djinni Gladiator on Sept 7, 2021.
             Slain by a hornet zombie (4 damage)
             ... on level 3 of the Dungeon.
             The game lasted 00:11:46 (1901 turns).

a11behringer the Slasher (Djinni Gladiator)         Turns: 1901, Time: 00:11:47

Health: -1/33      AC: 11    Str: 14    XL:     4   Next: 82%
Gold:   76         EV:  4    Int:  9    God:
                   SH:  0    Dex: 15

rFire    + + .     SeeInvis .   a - +0 long sword
rCold    x . .     Faith    .   (no shield)
rNeg     . . .     Spirit   .   h - +0 plate armour
rPois    ∞         Reflect  .   c - +0 helmet
rElec    .         Harm     .   (no cloak)
rCorr    .         Rampage  .   (no gloves)
Will     .....                  (boots unavailable)
Stlth    ..........             (no amulet)
HPRegen  0.11/turn              (no ring)
MPRegen  0.00/turn              (no ring)

@: flying
A: sickness immunity, fire resistance 2, cold vulnerability 1, float, innate
caster, hp casting, extra vitality 1
a: no special abilities


You were on level 3 of the Dungeon.
You visited 1 branch of the dungeon, and saw 3 of its levels.

You collected 76 gold pieces.

Inventory:

Hand Weapons
 a - a +0 long sword (weapon)
Missiles
 d - 3 throwing nets (quivered)
 i - 44 poisoned darts
Armour
 b - a +0 leather armour
 c - a +0 helmet (worn)
 h - a +0 plate armour (worn)
Jewellery
 j - a +4 ring of protection
Scrolls
 e - a scroll of magic mapping
Potions
 f - a potion of ambrosia {unknown}
 m - a potion of heal wounds
 n - a potion of degeneration
 p - a potion of mutation


   Skills:
 - Level 2.1 Fighting
 * Level 4.4 Long Blades
 - Level 1.6 Throwing
 - Level 3.6 Dodging


You had 2 spell levels left.
You knew the following spells:

 Your Spells              Type           Power      Damage    Failure   Level
a - Sandblast             Erth           0%         2d4       100%        1
Your spell library was empty.


Dungeon Overview and Level Annotations

Branches:
Dungeon (3/15)

Altars:
Kikubaaqudgha

Shops:
D:2 ?


Innate Abilities, Weirdness & Mutations

You are immune to sickness and miasma.
You are immune to poison.
Your flesh is very heat resistant. (rF++)
You are vulnerable to cold. (rC-)
You float through the air rather than walking.
You learn spells naturally, not from books.
Your magical power is your life essence.
You have superior vitality. (+4 HP)


Message History

There is an open door here.
Found a dagger.
You see here a +0 dagger.
Found a book of Flames.
A hornet zombie comes into view.
Found a scroll labelled UDACVI DUPOOK.
The hornet zombie hits you but does no damage.
You hit the hornet zombie but do no damage.
The hornet zombie hits you. x2
You slash the hornet zombie!
The hornet zombie is lightly damaged.
The hornet zombie hits you.
You hit the hornet zombie.
The hornet zombie is moderately damaged.
The hornet zombie hits you but does no damage.
The hornet zombie hits you!
You hit the hornet zombie but do no damage.
The hornet zombie is moderately damaged.
The hornet zombie hits you.
You hit the hornet zombie but do no damage.
The hornet zombie is moderately damaged.
The hornet zombie hits you!
* * * LOW HITPOINT WARNING * * *
The hornet zombie hits you.
* * * LOW HITPOINT WARNING * * *
You hit the hornet zombie but do no damage.
The hornet zombie is moderately damaged.
The hornet zombie hits you but does no damage.
You hit the hornet zombie.
The hornet zombie is moderately damaged.
The hornet zombie hits you but does no damage. x2
You completely miss the hornet zombie.
The hornet zombie is moderately damaged.
The hornet zombie barely misses you.
Your plate armour prevents you from hitting the hornet zombie.
The hornet zombie is moderately damaged.
The hornet zombie hits you.
* * * LOW HITPOINT WARNING * * *
The hornet zombie hits you.
You die...

#.# #. #.# #.# #.#
#..###.# ....#.#
#..##.###+###
#..##Z...?..#
#.##@# #:...####
########.##.......
#....#......#####+
#..###.##...#
#...)..# .......
##.##### #.#....
#.# #...... #.#
..#.##


You could see a hornet zombie.

Vanquished Creatures
  An adder (D:2)
  3 gnolls (D:2)
  A dart slug (D:3)
  2 ball pythons (D:1)
  4 bats
  6 endoplasms
  A giant cockroach (D:1)
  4 goblins
  3 hobgoblins (D:1)
  2 quokkas (D:2)
  6 frilled lizards
  10 kobolds
  5 rats
48 creatures vanquished.

Notes
Turn   | Place    | Note
-------+----------+-------------------------------------------
     0 | D:1      | a11behringer the Djinni Gladiator began the quest for the
                  | Orb.
     0 | D:1      | Reached XP level 1. HP: 18/18 MP: 0/0
   108 | D:1      | Reached XP level 2. HP: 20/23 MP: 0/0
   319 | D:1      | Reached skill level 3 in Long Blades
   394 | D:1      | Found a faded altar of an unknown god.
   641 | D:1      | Reached XP level 3. HP: 24/28 MP: 0/0
   641 | D:1      | Learned a level 1 spell: Sandblast
  1185 | D:2      | Reached skill level 4 in Long Blades
  1185 | D:2      | Reached XP level 4. HP: 14/33 MP: 0/0
  1568 | D:2      | Found Cehukholi's Magic Scroll Emporium.
  1901 | D:3      | Slain by a hornet zombie

Illustrated notes

Levels and vault maps discovered:
D:1:      co_arrival_square_in_a_square_in_a_square, layout_loops_ring,
          basic_ecumenical_altar
D:2:      layout_basic, serial_shops, shop
D:3:      layout_basic, kiku_gazebo_garden_becter,
          nicolae_ru_great_annihilating_truth, minivault_26, kennysheep_donut

Skill      XL: |  1  2  3 |
---------------+----------+-----
Long Blades    | 3 4 |  4.4
Fighting       | |  2.1
Throwing       | |  1.6
Dodging        | |  3.6

Action                   |  1- 3 |  4- 6 || total
-------------------------+-------+-------++-------
Melee: Long sword        |   124 |    54 ||   178
  Use: Scroll            |       |     8 ||     8
Armor: Leather armour    |    10 |       ||    10
       Plate armour      |    85 |    39 ||   124
Dodge: Dodged            |    42 |    18 ||    60
       Rpst.: Long sword |    15 |     5 ||    20
